 Dungeon Crawl Stone Soup version 0.30-a0-1163-gf69bf04e7a (webtiles) character file.

Game seed: 18209410298035854872

4487 Esekla the Covert (level 10, -3/67 (68) HPs)
             Began as an Octopode Delver on Apr 28, 2023.
             Was an Initiate of Gozag.
             Slain by a steam dragon (4 damage)
             ... on level 8 of the Dungeon on Apr 29, 2023.
             The game lasted 00:48:26 (9069 turns).

Esekla the Covert (Octopode Delver)                 Turns: 9069, Time: 00:48:27

HP:   -3/67 (68)    AC:  1    Str: 13    XL:     10   Next: 38%
MP:   16/16         EV: 13    Int: 16    God:    Gozag
Gold: 1073          SH: 14    Dex: 13    Spells: 17/17 levels left

rFire   . . .        a - +4 scimitar
rCold   . . .        y - +0 kite shield
rNeg    . . .        (helmet restricted)
rPois   .            E - amulet of reflection
rElec   .            v - ring of flight
rCorr   .            A - ring of willpower
SInv    .            (no ring)
Will    +....        (no ring)
Stlth   ++++++       (no ring)
HPRegen 0.31/turn    (no ring)
MPRegen 0.15/turn    (no ring)
                     (no ring)

%: reflection
@: flying, studying Poison Magic, lightly drained
A: almost no armour, amphibious, 8 rings, camouflage 1, gelatinous body 1,
(nimble swimmer 1), tentacles
a: Renounce Religion, Potion Petition, Call Merchant, Bribe Branch


You were on level 8 of the Dungeon.
You worshipped Gozag.
Gozag was most pleased with you.
You visited 2 branches of the dungeon, and saw 9 of its levels.

You collected 1947 gold pieces.
You spent 203 gold pieces at shops.
You paid 671 gold pieces to Gozag.

Inventory:

Hand Weapons
 a - a +4 scimitar (weapon)
 r - a +0 trident
 s - a +3 dagger of pain
Missiles
 j - 6 curare-tipped darts
 l - 5 javelins
 n - 2 throwing nets
 u - 3 boomerangs (quivered)
 G - 4 poisoned darts
Armour
 y - a +0 kite shield (worn)
Jewellery
 v - a ring of flight (left tentacle)
 A - a ring of willpower (right tentacle)
 E - an amulet of reflection (around mantle)
Wands
 f - a wand of digging (3)
 x - a wand of iceblast (8)
 F - a wand of mindburst (11)
Scrolls
 b - 4 scrolls of fog
 e - a scroll of poison {unknown}
 h - a scroll of blinking {unknown}
 i - 2 scrolls of identify
 k - a scroll of teleportation {unknown}
 m - a scroll of magic mapping
 q - a scroll of amnesia
 B - 3 scrolls of enchant armour
 C - a scroll of enchant weapon
 D - a scroll of acquirement {unknown}
Potions
 c - a potion of brilliance {unknown}
 d - a potion of cancellation {unknown}
 g - 2 potions of invisibility
 o - a potion of berserk rage {unknown}
 p - 2 potions of heal wounds
 t - a potion of mutation {unknown}
 w - a potion of curing {unknown}
 z - a potion of flight {unknown}
 H - a potion of lignification {unknown}
 I - a potion of attraction {unknown}


   Skills:
 * Level 6.2 Fighting
 + Level 2.0(5.3) Short Blades
 * Level 7.8(7.9) Long Blades
 + Level 0.8 Throwing
 * Level 5.1 Dodging
 + Level 10.9 Stealth
 * Level 4.9 Shields
 * Level 4.1 Spellcasting
 * Level 4.0 Necromancy


You had 17 spell levels left.
You didn't know any spells.
Your spell library contained the following spells:

 Spells                   Type           Power      Damage    Failure   Level
 Sandblast                Erth           6%         2d5       47%         1
 Passwall                 Tmut/Erth      2%         N/A       63%         2
 Call Canine Familiar     Summ           3%         N/A       85%         3
 Portal Projectile        Hex/Tloc       6%         N/A       85%         3
 Stone Arrow              Conj/Erth      6%         3d7       85%         3
 Leda's Liquefaction      Hex/Erth       1%         N/A       99%         4
 Borgnjor's Vile Clutch   Necr/Erth      4%         N/A       100%        5
 Death Channel            Necr           8%         N/A       100%        6
 Malign Gateway           Summ/Tloc      1%         N/A       100%        7
 Summon Horrible Things   Summ           1%         N/A       100%        8
 Animate Dead             Necr           Unusable   N/A       N/A         4

Dungeon Overview and Level Annotations

Branches:
Dungeon (8/15)             Temple (1/1) D:5
   Lair: D:8-11

Altars:
Ashenzari
Dithmenos
Elyvilon
Fedhas
Gozag
Hepliaklqana
Makhleb
Nemelex Xobeh
Okawaru
Qazlal
Ru
Sif Muna
Trog
Uskayaw
Vehumet
Wu Jian
Xom
Zin
The Shining One

Shops:
D:6 (


Innate Abilities, Weirdness & Mutations

You cannot wear most types of armour.
You are amphibious.
You can wear up to eight rings at the same time.
Your skin changes colour to match your surroundings (Stealth+).
Your rubbery body absorbs attacks. (AC +1, EV +1)
((You are camouflaged when in or above water. (Stealth+)))
You have tentacles for arms and can constrict up to eight enemies at once.


Message History

You hit the wight.
You squeeze the wight, but do no damage.
The wight is heavily damaged.
You constrict the wight. You block the wight's attack.
The wight hits you with a +0 falchion!
You feel drained.
You slash the wight!
You destroy the wight!
You now have 1073 gold pieces (gained 9).
Things that are here:
a +0 falchion; a +0 robe You start resting.
A steam dragon is nearby!
Pain shudders through your tentacle!
s - a +3 dagger of pain (weapon)
The steam dragon hisses angrily.
You hit the steam dragon.
The steam dragon writhes in agony.
The steam dragon is moderately wounded.
The steam dragon breathes steam at you. The ball of steam hits you!!
a - a +4 scimitar (weapon)
You block the steam dragon's attack. x2
You slash the steam dragon!
The steam dragon is heavily wounded.
You block the steam dragon's attack. The steam dragon claws you.
You closely miss the steam dragon.
The steam dragon is heavily wounded.
You block the steam dragon's attack. x2
You closely miss the steam dragon.
The steam dragon is heavily wounded.
The steam dragon breathes steam at you. The ball of steam hits you!
* * * LOW HITPOINT WARNING * * *
You block the steam dragon's attack. x2
You closely miss the steam dragon. You squeeze the steam dragon!
The steam dragon is severely wounded.
The steam dragon bites you!
* * * LOW HITPOINT WARNING * * *
The steam dragon claws you.
You die...
Your body crumbles into a pile of gold.

YY........##. ..#
...#....#..
Y.....).....
......###.#.## #
..........# ...###
..#.$. . ..........#
#.# $ #####..
.......##....###...
###
.#..#..##.#####§..#
##.##..##.# #.#.#
##....##..#####§#.#
..........)..).D@.#
.........#######.##
.......### #......#
...#.....# #......#
#..##.##..........#
#.#...# ####......(
######
#.#.#####.........#.
.....#
#...###...##......##
#..
..................#
#########..


You could see a steam dragon (catching breath).

Vanquished Creatures
  An ugly thing (D:7)
  Sigmund (D:3)
  2 steam dragons
  2 water moccasins
  An acid dragon (D:5)
  Duvessa (D:6)
  2 orc warriors
  4 ice beasts
  An ogre (D:7)
  A centaur (D:7)
  5 bullfrogs
  6 scorpions
  10 wights
  Dowan (D:6)
  A killer bee (D:7)
  A howler monkey (D:6)
  3 hounds
  A gnoll bouda (D:7)
  6 jellies
  6 orc priests
  An iguana (D:4)
  11 orc wizards
  Robin (D:3)
  12 gnolls
  8 adders
  A shadow imp (D:6)
  A white imp (D:7)
  2 ufetubi
  A worm (D:2)
  4 dart slugs
  33 orcs
  9 ball pythons
  6 bats
  5 endoplasms
  3 giant cockroaches
  7 hobgoblins
  10 jackals
  10 kobolds
  10 quokkas
  6 frilled lizards
  23 goblins
  8 rats
228 creatures vanquished.

Notes
Turn   | Place    | Note
-------+----------+-------------------------------------------
     0 | D:5      | Esekla the Octopode Delver began the quest for the Orb.
     0 | D:5      | Reached XP level 1. HP: 16/16 MP: 1/1
    20 | D:5      | Noticed a phantom
    22 | D:5      | Noticed a scorpion
    54 | D:5      | Found a staircase to the Ecumenical Temple.
    60 | Temple   | Entered the Ecumenical Temple
    67 | D:5      | Reached skill level 7 in Stealth
    67 | D:5      | Reached XP level 2. HP: 19/21 MP: 2/2
    85 | D:5      | Found a hide-covered altar of Uskayaw.
    92 | D:5      | Found a shimmering blue altar of Sif Muna.
    97 | D:5      | Found an ornate altar of the Wu Jian Council.
   126 | Temple   | Became a worshipper of Gozag Ym Sagoz the Greedy
   236 | D:3      | Reached XP level 3. HP: 26/26 MP: 3/3
   658 | D:1      | Reached XP level 4. HP: 24/31 MP: 4/4
  1690 | D:1      | Reached skill level 1 in Spellcasting
  1732 | D:2      | Reached XP level 5. HP: 36/36 MP: 6/6
  2462 | D:3      | Noticed Sigmund
  2471 | D:3      | Killed Sigmund
  2472 | D:3      | Reached skill level 1 in Short Blades
  2472 | D:3      | Reached skill level 8 in Stealth
  2472 | D:3      | Reached XP level 6. HP: 43/43 MP: 6/8
  2734 | D:3      | Noticed Robin
  2801 | D:3      | Killed Robin
  2896 | D:4      | Reached XP level 7. HP: 39/48 MP: 8/10
  3466 | D:4      | Reached skill level 1 in Shields
  3828 | D:4      | Reached skill level 5 in Long Blades
  3885 | D:4      | Reached XP level 8. HP: 54/54 MP: 11/11
  4110 | D:5      | Reached skill level 1 in Necromancy
  4927 | D:6      | Reached skill level 9 in Stealth
  5252 | D:6      | Noticed Duvessa
  5253 | D:6      | Noticed Dowan
  5261 | D:6      | Found a sacrificial altar of Ru.
  5313 | D:6      | Reached skill level 5 in Fighting
  5392 | D:6      | Killed Duvessa
  5393 | D:6      | Reached XP level 9. HP: 53/61 MP: 13/13
  5399 | D:6      | Killed Dowan
  5925 | D:7      | Reached skill level 10 in Stealth
  6144 | D:6      | Bought a faintly glowing dagger for 203 gold pieces
  6144 | D:6      | Identified the +0 dagger of the Everdark {heavy, rC+ rCorr
                  | Int-2} (You bought it in a shop on level 6 of the Dungeon)
  6630 | D:7      | HP: 1/61 [sky beast (6)]
  7400 | D:7      | Noticed a cyan ugly thing
  7616 | D:7      | Killed a cyan ugly thing
  8113 | D:7      | Reached XP level 10. HP: 59/68 MP: 15/15
  8246 | D:7      | Reached skill level 5 in Dodging
  9011 | D:8      | Identified the +0 dagger of the Skies Above {freeze, Str+2
                  | Int+4}
  9069 | D:8      | HP: 1/67 [steam dragon (9)]
  9069 | D:8      | Slain by a steam dragon

Illustrated notes

Levels and vault maps discovered:
D:1:      dpeg_arrival_short_road, layout_loops_ring
D:2:      layout_basic, minmay_quadrilaterals
D:3:      minmay_chambers_of_threes, layout_basic, fountainhead, uniq_sigmund,
          uniq_robin
D:4:      cheibrodos_pilgrimage, layout_cave_pods, kennysheep_small_circle
D:5:      layout_loops_ring, minmay_overflow_temple_star_quad
D:6:      layout_cave_pools, lemuel_tele_altar, uniq_duvessa
D:7:      minmay_opposing_rooms, layout_loops_ring, minmay_misc_feat_columns,
          minmay_manual_mullet
D:8:      layout_rooms, general_overflow_altar
Temple:   minmay_freezing_vapour_temple

Skill      XL: |  1  2  3  4  5  6  7  8  9 10 |
---------------+-------------------------------+-----
Stealth        | 7 8 9 10 | 10.9
Spellcasting   | 1 2 3 4 |  4.1
Long Blades    | 3 4 5 6 7 |  7.8
Fighting       | 4 5 6 |  6.2
Short Blades   | 1 2 |  2.0
Dodging        | 3 4 5 |  5.1
Shields        | 1 2 4 |  4.9
Necromancy     | 2 3 4 |  4.0
Throwing       | |  0.8

Action                     |  1- 3 |  4- 6 |  7- 9 | 10-12 || total
---------------------------+-------+-------+-------+-------++-------
  Melee: Falchion          |    40 |    49 |       |       ||    89
         Tentacles         |     8 |    24 |    59 |    26 ||   117
         Constrict         |    15 |    33 |    42 |    16 ||   106
         Dagger            |    17 |    56 |    47 |     7 ||   127
         Long sword        |       |    38 |   167 |     1 ||   206
         Punch             |       |       |     7 |     2 ||     9
         Scimitar          |       |       |       |    82 ||    82
  Throw: Dart              |       |     2 |     1 |     2 ||     5
         Boomerang         |       |       |     4 |    10 ||    14
 Invoke: Call Merchant     |       |       |     1 |       ||     1
    Use: Scroll            |     1 |       |     6 |       ||     7
         Potion            |     1 |       |     7 |       ||     8
   Stab: Sleeping          |    11 |    25 |    21 |     3 ||    60
         Distracted        |       |     2 |     4 |     4 ||    10
         Invisible         |       |       |     2 |       ||     2
 Armour: Skin              |     3 |     6 |     7 |     1 ||    17
  Dodge: Dodged            |    29 |    63 |    70 |    17 ||   179
  Block: Other             |       |       |    12 |       ||    12
         Kite shield       |       |       |    63 |    52 ||   115
         Reflection        |       |       |     2 |     1 ||     3

Table legend: (Time is in decaauts)
 A = Elapsed time spent in this place.
 B = Non-inter-level travel time spent in this place.
 C = Inter-level travel time spent in this place.
 D = Time resting spent in this place.
 E = Time spent auto-exploring this place.
 F = Levels seen in this place.
 G = Mean time per level.
                   A        B        C        D        E       F      G
               +--------+--------+--------+--------+--------+-----+--------+
         Total |   9065 |   8757 |    308 |   2521 |   2242 |   9 | 1007.2 |
       Dungeon |   9052 |   8755 |    297 |   2521 |   2242 |   8 | 1131.5 |
        Temple |     12 |      2 |     10 |      0 |      0 |   1 |   12.0 |
               +--------+--------+--------+--------+--------+-----+--------+

Top non-repeatable levels by time:
     D:7: 3018 daAuts
     D:4: 1307 daAuts
     D:1: 1069 daAuts
     D:5: 944 daAuts
     D:6: 897 daAuts
     D:3: 836 daAuts
     D:2: 739 daAuts
     D:8: 239 daAuts
  Temple: 12 daAuts
